Map: Prion Terraces

Players

switch

  • Race: Protoss Protoss
  • League: Master

Miszu - Winner!

  • Race: Terran Terran
  • League: Diamond

VOD

Have the link to the VOD?

Description

Time

  • Played on: March 25, 2016, 3:58 p.m.
  • Length: 3:18
Show
View Real Time Build Order
Export as new Build Order

switch Protoss 

Build Orders:  

Get SALT Encoding   

  12  0:01  Probe (Chrono Boost)  
  13  0:12  Probe (Chrono Boost)  
  14  0:17  Pylon  
  14  0:22  Probe (Chrono Boost)  
  15  0:36  Gateway, Probe (Chrono Boost)  
  15  0:42  Assimilator  
  16  0:50  Probe (Chrono Boost)  
  17  1:01  Probe (Chrono Boost)  
  18  1:11  Probe (Chrono Boost)  
  19  1:22  Probe (Chrono Boost)  
  19  1:24  Cybernetics Core  
  20  1:27  Zealot  
  22  1:46  Probe (Chrono Boost)  
  23  1:49  Pylon  
  23  1:54  Gateway  
  22  2:03  Gateway  
  22  2:09  Pylon  
  22  2:14  Stalker  
  18  2:36  Mothership Core (Chrono Boost)  
  13  2:59  Probe (Chrono Boost)  
Show
View Real Time Build Order
Export as new Build Order

Miszu Terran - Winner!

Build Orders:  

Get SALT Encoding   

  12  0:01  SCV  
  13  0:13  SCV  
  14  0:18  Supply Depot  
  14  0:25  SCV  
  15  0:45  Barracks  
  15  0:52  Barracks  
  15  1:05  Barracks  
  15  1:31  Marine  
  15  1:32  Barracks  
  16  1:39  Marine  
  17  1:40  Supply Depot  
  17  1:49  Marine  
  18  1:54  Marine  
  18  1:57  Marine  
  20  2:07  Marine  
  21  2:12  Marine  
  21  2:15  Marine  
  22  2:25  Marine  
  22  2:30  Marine  
  22  2:33  Marine  
  22  2:34  Marine  
  22  2:45  Marine  
  22  2:48  Marine  
  22  2:50  Marine  
  24  2:52  Marine  
  26  3:09  Supply Depot  
Tags
 
Add a new tag
Caveats
  • Supply blocks, unpowered buildings, or Contaminate may cause inaccurate times.
  • Supply counts are checked every 10 seconds.